 Dungeon Crawl Stone Soup version 0.29.1-2-gbd0b4ee654 (webtiles) character file.

Game seed: 17727124320401997098

63 leafyfresh the Magician (level 4, -9/31 HPs)
             Began as a Djinni Ice Elementalist on Nov 13, 2022.
             Killed by nerve-wracking pain
             ... invoked by Grinder
              (11 damage)
             ... on level 2 of the Dungeon.
             The game lasted 00:06:10 (2779 turns).

leafyfresh the Magician (Djinni Ice Elementalist)   Turns: 2779, Time: 00:06:11

Health: -9/31      AC:  3    Str:  5    XL:     4   Next: 31%
Gold:   106        EV: 13    Int: 18    God:
                   SH:  0    Dex: 14

rFire   + + .      SeeInvis +   b - +4 whip (vamp)
rCold   x . .      Faith    .   (no shield)
rNeg    . . .      Spirit   .   a - +0 robe
rPois   ∞          Reflect  .   q - +0 helmet
rElec   .          Harm     .   (no cloak)
rCorr   .          Rampage  .   (no gloves)
Will    .....                   (boots unavailable)
Stlth   ++........              (no amulet)
HPRegen 0.10/turn               g - ring of see invisible
MPRegen 0.00/turn               (no ring)

@: flying
A: sickness immunity, fire resistance 2, cold vulnerability 1, float, innate
caster, HP casting, extra vitality 1, weak 1
a: no special abilities


You were on level 2 of the Dungeon.
You visited 1 branch of the dungeon, and saw 3 of its levels.

You collected 106 gold pieces.

Inventory:

Hand Weapons
 b - a +4 vampiric whip (weapon)
Missiles
 n - 2 datura-tipped darts
Armour
 a - a +0 robe (worn)
 q - a +0 helmet (worn)
Jewellery
 g - a ring of see invisible (left hand)
Scrolls
 d - 2 scrolls of immolation {unknown}
 f - a scroll of vulnerability {unknown}
 h - 2 scrolls of summoning {unknown}
 j - a scroll of fear {unknown}
 l - 2 scrolls of teleportation {unknown}
 m - 3 scrolls of amnesia
 p - a scroll of torment {unknown}
 r - 2 scrolls of identify {unknown}
Potions
 i - a potion of invisibility {unknown}
 k - a potion of curing {unknown}
 o - 2 potions of brilliance


   Skills:
 + Level 3.6 Dodging
 - Level 1.5 Stealth
 + Level 3.8 Spellcasting


You couldn't memorise any spells.
You knew the following spells:

 Your Spells              Type           Power      Damage    Failure   Level
a - Freeze                Ice            68%        1d8       3%          1
b - Frozen Ramparts       Ice            34%        1d6       9%          3
c - Ozocubu's Armour      Ice            17%        N/A       9%          3
d - Hailstorm             Conj/Ice       17%        3d6       30%         4
e - Magic Dart            Conj           68%        1d6       3%          1
Your spell library was empty.

Dungeon Overview and Level Annotations

Branches:
Dungeon (3/15)

Altars:

Annotations:
D:2 Grinder


Innate Abilities, Weirdness & Mutations

You are immune to sickness and miasma.
You are immune to poison.
Your flesh is very heat resistant. (rF++)
You are vulnerable to cold. (rC-)
You float through the air rather than walking.
You learn spells naturally, not from books.
Your magical power is your life essence.
You have superior vitality. (+4 MHP)
You are weak. (Str -2)


Message History

Press: ? - help, v - describe, . - travel
Here: Grinder The floor.
Unknown command.
Casting: Ozocubu's Armour (quite dangerous; 9% risk of failure)
Confirm with . or Enter, or press ? or * to list all spells.
Aiming: Freeze (safe; 3% risk of failure)
Press: ? - help, Shift-Dir - straight line, f - Grinder
Aim: Grinder You freeze Grinder.
Grinder resists.
Grinder is lightly wounded.
* * * LOW HITPOINT WARNING * * *
Grinder resists.
The wall freezes Grinder.
Grinder barely misses you.
Casting: Freeze (safe; 3% risk of failure)
Confirm with . or Enter, or press ? or * to list all spells.
Okay, then.
Casting: Freeze (safe; 3% risk of failure)
Confirm with . or Enter, or press ? or * to list all spells.
Okay, then.
Unknown command.
It was a potion of mutation.
You feel extremely strange.
You feel weaker.
Grinder completely resists.
The wall freezes Grinder but does no damage.
Grinder blinks!
Casting: Freeze (safe; 3% risk of failure)
Confirm with . or Enter, or press ? or * to list all spells.
Okay, then.
Casting: Freeze (safe; 3% risk of failure)
Confirm with . or Enter, or press ? or * to list all spells.
Okay, then.
It was a potion of cancellation.
Your magical effects are unravelling.
You feel magically purged.
Your icy armour evaporates.
The frozen ramparts melt away.
Grinder says, "DUCK!"
Grinder gestures at you. Pain shoots through your body!
You die...

##.####
#.##...####.#...
##.....##
#.####...##.####
##.......## #.#
###.....##.
#.........# #.#
##.......
#.........# #.#
##........
#.........###.##
#...####..
#.........#..5.#
##### ###
#..............#
#
##.......##@§..#
#.........######
#.........#
#.........#
#.........#
#.........#
##.......##
##.....##
#######


You could see Grinder.

Vanquished Creatures
  An adder (D:2)
  3 dart slugs (D:2)
  2 ball pythons (D:1)
  3 bats
  3 endoplasms
  A giant cockroach (D:1)
  4 goblins
  6 hobgoblins
  5 kobolds
  7 quokkas
  2 frilled lizards
  5 rats (D:1)
42 creatures vanquished.

Notes
Turn   | Place    | Note
-------+----------+-------------------------------------------
     0 | D:1      | leafyfresh the Djinni Ice Elementalist began the quest for
                  | the Orb.
     0 | D:1      | leafyfresh set off with the following spells memorised:
                  | Freeze, Frozen Ramparts, Ozocubu's Armour, Hailstorm.
     0 | D:1      | Reached XP level 1. HP: 15/15 MP: 0/0
   187 | D:1      | Reached XP level 2. HP: 20/21 MP: 0/0
   764 | D:1      | Reached XP level 3. HP: 25/25 MP: 0/0
   764 | D:1      | Learned a level 1 spell: Magic Dart
  1977 | D:2      | Reached XP level 4. HP: 28/31 MP: 0/0
  2527 | D:3      | Noticed Grinder
  2689 | D:3      | Paralysed by Grinder for 3 turns
  2778 | D:2      | Gained mutation: You are weak. (Str -2) [potion of
                  | mutation]
  2779 | D:2      | Killed from afar by Grinder

Illustrated notes

Levels and vault maps discovered:
D:1:      wander_arrival_desolate, layout_basic
D:2:      minmay_skewed_foursquare, layout_rooms, grunt_ministairs_13,
          palyth_stone_intersect
D:3:      layout_rooms, dreamdust_ecumenical_altar_hidden_monk_grotto,
          uniq_grinder, uniq_sigmund

Skill      XL: |  1  2 |
---------------+-------+-----
Dodging        | 3 |  3.6
Stealth        | |  1.5
Spellcasting   | |  3.8

Action                   |  1- 3 |  4- 6 || total
-------------------------+-------+-------++-------
Melee: Whip              |    31 |    13 ||    44
       Punch             |     1 |       ||     1
 Cast: Freeze            |    30 |     5 ||    35
       Frozen Ramparts   |     1 |     2 ||     3
       Ozocubu's Armour  |     1 |     1 ||     2
  Use: Potion            |       |     3 ||     3
       Scroll            |       |     1 ||     1
 Stab: Sleeping          |     1 |       ||     1
Armor: Robe              |     9 |     7 ||    16
Dodge: Dodged            |    35 |    16 ||    51
